 Dungeon Crawl Stone Soup version 0.30-a0-354-g6b83867211 (webtiles) character file.

Game seed: 9105547227818551138

2099 Pooter the Cleaver (level 9, -4/79 HPs)
             Began as a Minotaur Berserker on Nov 7, 2022.
             Was a Priest of Trog.
             Slain by a gnoll sergeant
             ... wielding a +0 trident
              (9 damage)
             ... on level 5 of the Dungeon.
             The game lasted 00:26:23 (4457 turns).

Pooter the Cleaver (Minotaur Berserker)             Turns: 4457, Time: 00:26:23

Health: -4/79      AC:  9    Str: 26    XL:     9   Next: 7%
Magic:  8/8        EV: 10    Int:  4    God:    Trog [***...]
Gold:   154        SH:  6    Dex: 10    Spells: 8/8 levels left

rFire   . . .      SeeInvis .    a - +1 war axe
rCold   + . .      Faith    .    G - +0 kite shield
rNeg    . . .      Spirit   .    o - +2 leather armour {rC+}
rPois   .          Reflect  .    (helmet restricted)
rElec   .          Harm     .    H - +0 cloak {Stlth+}
rCorr   .          Rampage  .    d - +0 pair of gloves
Will    +....                    g - +1 pair of boots
Stlth   ++........               (no amulet)
HPRegen 0.33/turn                e - ring of willpower
MPRegen 0.11/turn                (no ring)

@: weakened, on berserk cooldown, slowed, very slow
A: horns 2, retaliatory headbutt
a: Renounce Religion, Berserk, Trog's Hand


You were on level 5 of the Dungeon.
You worshipped Trog.
Trog was most pleased with you.
You visited 1 branch of the dungeon, and saw 5 of its levels.

You collected 154 gold pieces.

Inventory:

Hand Weapons
 a - a +1 war axe (weapon)
   (You found it on level 3 of the Dungeon)
 b - a +0 sling
   (You found it on level 1 of the Dungeon)
 k - a +2 spear of venom
   (You took it off a gnoll sergeant on level 5 of the Dungeon)
 s - a +4 quarterstaff of chaos
   (You took it off Crazy Yiuf on level 2 of the Dungeon)
 D - a +0 trident
   (You took it off an orc on level 4 of the Dungeon)
Missiles
 j - 4 javelins
 B - 6 curare-tipped darts
 Q - 38 stones (quivered)
Armour
 d - a +0 pair of gloves (worn)
   (You found it on level 1 of the Dungeon)
 g - a +1 pair of boots (worn)
   (You found it on level 1 of the Dungeon)
 o - a +2 leather armour of cold resistance (worn)
   (You found it on level 1 of the Dungeon)
 r - a +2 cloak
   (You took it off Crazy Yiuf on level 2 of the Dungeon)
 G - a +0 kite shield (worn)
   (You took it off a gnoll sergeant on level 5 of the Dungeon)
 H - a +0 cloak of stealth (worn)
   (You found it on level 5 of the Dungeon)
Jewellery
 e - a ring of willpower (left hand)
   (You found it on level 1 of the Dungeon)
 u - a ring of magical power
   (You found it on level 3 of the Dungeon)
 w - an amulet of magic regeneration
   (You found it on level 3 of the Dungeon)
 y - a ring of willpower
   (You found it on level 3 of the Dungeon)
Wands
 f - a wand of flame (21)
   (You found it on level 3 of the Dungeon)
Scrolls
 h - a scroll of immolation {!r}
 t - 2 scrolls of fear {unknown}
 x - a scroll of torment {!r}
 A - a scroll of butterflies
 C - a scroll of enchant armour
 E - a scroll of blinking {unknown}
Potions
 i - a potion of might {unknown}
 l - 2 potions of haste {unknown}
 m - 2 potions of lignification {!q}
 n - a potion of cancellation {unknown}
 p - 3 potions of brilliance {unknown}
 q - 3 potions of curing {@q1}
 v - a potion of invisibility {unknown}
 z - a potion of degeneration {unknown}
 F - a potion of heal wounds {unknown}


   Skills:
 + Level 7.4 Fighting
 * Level 9.9 Axes
 * Level 8.0 Ranged Weapons
 - Level 2.4 Armour
 - Level 2.1 Dodging


You had 8 spell levels left.
You didn't know any spells.
Your spell library was empty.

Dungeon Overview and Level Annotations

Branches:
Dungeon (5/15)
 Temple: D:4-7

Altars:
Dithmenos
Uskayaw
Xom

Shops:
D:1 *


Innate Abilities, Weirdness & Mutations

You have a pair of horns on your head.
You reflexively headbutt those who attack you in melee.


Message History

Trog accepts your kill.
The gnoll sergeant hits you from afar with a +0 trident.
* * * LOW HITPOINT WARNING * * *
The gnoll throws a stone.
The stone barely misses your ufetubus.
You feel sick.
The gnoll sergeant hits your orc with a +0 trident.
Items here: ) ? [ †.
You feel a strong urge to attack something.
You feel sick.
Your orc hits the gnoll sergeant with a +0 mace.
The gnoll sergeant completely misses your orc.
You are no longer berserk.
You are exhausted.
You feel yourself slow down.
You feel sick. You block the gnoll's attack.
You slash the gnoll! You hit the gnoll.
You feel sick.
Your orc hits the gnoll sergeant with a +0 mace.
The gnoll sergeant hits your orc with a +0 trident.
Your orc dies!
Your orc's corpse dissolves into shadows!
The gnoll hits you but does no damage. You block the gnoll's attack. x2
You slash the gnoll!
You kill the gnoll!
Trog accepts your kill.
You barely miss the gnoll.
You feel sick.
You are no longer poisoned.
The gnoll sergeant is no longer moving quickly.
The gnoll hits you but does no damage.
A gnoll comes into view.
You block the orc's attack. The gnoll hits you but does no damage.
Okay, then.
It was a potion of curing.
You feel better.
Your skin stops crawling.
You feel less strong-willed. You block the orc's attack.
The gnoll sergeant hits you from afar with a +0 trident.
* * * LOW HITPOINT WARNING * * *
The gnoll misses you. You furiously retaliate!
You headbutt the gnoll!
You kill the gnoll!
Trog accepts your kill.
The orc hits you from afar with a +0 trident.
* * * LOW HITPOINT WARNING * * *
The gnoll sergeant hits you from afar with a +0 trident.
* * * LOW HITPOINT WARNING * * *
Your Ranged Weapons skill increases to level 8!
The orc hits you but does no damage. The orc hits you with a +0 trident.
* * * LOW HITPOINT WARNING * * *
The orc barely misses you.
The gnoll sergeant hits you from afar with a +0 trident!
You die...

#..############..........#
..# #.## ....##
##.........##... #.#
......########.......# #.#
.......########......# #.#
......#5.....#.8...#.. #.#
#....≈≈≈≈≈≈#........ #.#
#..g)..).).......... ##.#
#....g.)))(......... #..#
#..@o≈≈≈≈≈≈#........ #..#
........#......#.8......
#..#
........########...#....
#..# .......## ..##.....
#..## #....## ...........
#...############.
..........#..
#................
#..#......#.. #.........##
#..###..#..# .....
#########..#
#.......##.###....


You could see a gnoll sergeant (ally target), a gnoll, an orc and a friendly
ufetubus (summoned).

Vanquished Creatures
  Grinder (D:4)
  The ghost of CabbageHands the Slasher, an amateur DjGl (D:4)
  A water moccasin (D:5)
  Duvessa (D:4)
  An ogre (D:4)
  A bullfrog (D:4)
  A gnoll sergeant (D:5)
  3 scorpions
  Dowan (D:4)
  A howler monkey (D:4)
  A bullfrog zombie (D:4)
  8 hounds (D:5)
  An orc priest (D:5)
  A centaur skeleton (D:4)
  2 jellies (D:5)
  Crazy Yiuf (D:2)
  2 bullfrog skeletons (D:4)
  A gnoll bouda (D:5)
  An iguana (D:5)
  2 orc wizards
  A mummy (D:5)
  2 hound zombies (D:4)
  3 adders
  16 gnolls
  2 shadow imps (D:5)
  2 ufetubi (D:5)
  An adder zombie (D:4)
  3 worms
  A dart slug (D:3)
  11 orcs
  5 endoplasms
  4 giant cockroaches
  8 goblins
  11 hobgoblins
  7 jackals
  7 quokkas
  6 ball pythons
  6 bats
  2 frilled lizards (D:1)
  5 kobolds
  5 rats
140 creatures vanquished.

Vanquished Creatures (collateral kills)
  A gnoll sergeant (D:5)
  A howler monkey (D:5)
  A gnoll bouda (D:5)
  An iguana (D:5)
  2 orcs (D:5)
6 creatures vanquished.

Vanquished Creatures (others)
  A hound (D:5)
  A ball python zombie (D:4)
  5 fungi (D:5)
  4 plants (D:5)
  6 withered plants (D:4)
17 creatures vanquished.

Grand Total: 163 creatures vanquished

Notes
Turn   | Place    | Note
-------+----------+-------------------------------------------
     0 | D:1      | Pooter the Minotaur Berserker began the quest for the Orb.
     0 | D:1      | Reached XP level 1. HP: 19/19 MP: 0/0
    65 | D:1      | Reached skill level 4 in Axes
   146 | D:1      | Reached XP level 2. HP: 27/27 MP: 1/1
   311 | D:1      | Found Wamol's General Store.
   565 | D:1      | Reached XP level 3. HP: 31/33 MP: 2/2
   618 | D:1      | Found a faded altar of an unknown god.
  1056 | D:2      | Reached skill level 1 in Ranged Weapons
  1122 | D:2      | Found a runed translucent door.
  1123 | D:2      | Noticed Crazy Yiuf
  1139 | D:2      | Killed Crazy Yiuf
  1376 | D:2      | Reached ** piety under Trog
  1383 | D:2      | Reached XP level 4. HP: 41/41 MP: 3/3
  1405 | D:2      | Reached skill level 5 in Axes
  1971 | D:3      | Noticed a +0 dagger
  1971 | D:3      | Noticed a +0 spear
  1977 | D:3      | Found a hide-covered altar of Uskayaw.
  1977 | D:3      | Noticed a +0 short sword
  1979 | D:3      | Noticed a +0 falchion
  1979 | D:3      | Noticed a +0 dagger
  1981 | D:3      | Noticed a +0 falchion
  1981 | D:3      | Noticed a +0 short sword
  1981 | D:3      | Noticed a +0 spear
  2367 | D:4      | Reached XP level 5. HP: 46/47 MP: 4/4
  2469 | D:4      | Noticed Grinder
  2497 | D:4      | Killed Grinder
  2498 | D:4      | Reached skill level 5 in Fighting
  2498 | D:4      | Reached skill level 6 in Axes
  2498 | D:4      | Reached XP level 6. HP: 39/56 MP: 5/5
  2569 | D:4      | Noticed Duvessa
  2968 | D:4      | Noticed Dowan
  2971 | D:4      | Killed Duvessa
  2972 | D:4      | Reached skill level 7 in Axes
  2972 | D:4      | Reached XP level 7. HP: 61/61 MP: 6/6
  2988 | D:4      | Killed Dowan
  2989 | D:4      | Reached skill level 5 in Ranged Weapons
  3356 | D:4      | Found a transporter.
  3356 | D:4      | Noticed CabbageHands's ghost (amateur DjGl)
  3385 | D:4      | Found a transporter.
  3512 | D:4      | Reached *** piety under Trog
  3576 | D:4      | Found a shadowy altar of Dithmenos.
  3718 | D:4      | Killed CabbageHands's ghost
  3719 | D:4      | Reached skill level 8 in Axes
  3719 | D:4      | Reached XP level 8. HP: 70/70 MP: 7/7
  3799 | D:5      | Entered Level 5 of the Dungeon
  3926 | D:5      | Found a shimmering altar of Xom.
  4173 | D:5      | Reached skill level 9 in Axes
  4444 | D:5      | Reached XP level 9. HP: 20/79 MP: 8/8
  4457 | D:5      | Slain by a gnoll sergeant

Illustrated notes

Levels and vault maps discovered:
D:1:      lightli_arrival_farm, layout_basic, hellmonk_ecumenical_altar_run_dry,
          serial_shops, nicolae_diamond_shop, minmay_tetromino_t4
D:2:      layout_loops_ring, grunt_decor_cap, grunt_decor_clamped,
          uniq_crazy_yiuf_cottage
D:3:      layout_rooms, nicolae_uskayaw_en_pointe
D:4:      layout_basic, nicolae_dithmenos_through_a_glass_darkly,
          gammafunk_ghost_mausoleum, serial_undead, serial_undead_f,
          serial_undead_e, serial_undead_f, serial_undead_c, serial_undead_b,
          hangedman_decor_growths, hex_intersection, skrybe_limestone_x,
          chequers_serial_rivers_micro_c, uniq_duvessa, uniq_grinder
D:5:      layout_cave_pools, fedhas_altar_3, xom_confusion_cloud,
          gup_ossuary_entry_pyramid, serial_gnoll_camp, gnoll_camp_mini_hut,
          grums_kennel, gnoll_camp_medium_01, gnoll_camp_medium_02,
          gnoll_camp_huts_basic, gnoll_camp_mini_doghouse,
          nicolae_concentric_dashed_squares_wild

Skill      XL: |  1  2  3  4  5  6  7  8  9 |
---------------+----------------------------+-----
Axes           | 4 5 6 7 8 9 |  9.9
Fighting       | 4 5 6 7 |  7.4
Ranged Weapons | 1 2 4 6 7 8 |  8.0
Armour         | |  2.4
Dodging        | |  2.1

Action                   |  1- 3 |  4- 6 |  7- 9 || total
-------------------------+-------+-------+-------++-------
Melee: Hand axe          |    68 |       |       ||    68
       Headbutt          |     9 |     7 |    20 ||    36
       Quarterstaff      |       |    18 |    33 ||    51
       War axe           |       |    28 |   108 ||   136
       Punch             |       |       |     1 ||     1
 Fire: Sling             |    41 |    36 |    38 ||   115
Throw: Javelin           |       |       |     3 ||     3
Invok: Berserk           |     1 |     3 |     4 ||     8
       Trog's Hand       |       |       |     4 ||     4
Evoke: Wand              |       |     1 |       ||     1
  Use: Scroll            |       |     4 |     6 ||    10
       Potion            |       |       |     1 ||     1
Armor: Animal skin       |    11 |       |       ||    11
       Leather armour    |    11 |    23 |    74 ||   108
Dodge: Dodged            |    54 |    30 |   106 ||   190
Block: Kite shield       |       |       |    14 ||    14

Table legend: (Time is in decaauts)
 A = Elapsed time spent in this place.
 B = Non-inter-level travel time spent in this place.
 C = Inter-level travel time spent in this place.
 D = Time resting spent in this place.
 E = Time spent auto-exploring this place.
 F = Levels seen in this place.
 G = Mean time per level.
                   A        B        C        D        E       F      G
               +--------+--------+--------+--------+--------+-----+--------+
         Total |   4571 |   4350 |    221 |    971 |   2282 |   5 |  914.2 |
       Dungeon |   4571 |   4350 |    221 |    971 |   2282 |   5 |  914.2 |
               +--------+--------+--------+--------+--------+-----+--------+

Top non-repeatable levels by time:
     D:4: 1508 daAuts
     D:1: 1029 daAuts
     D:2: 922 daAuts
     D:5: 666 daAuts
     D:3: 444 daAuts
